 Dungeon Crawl Stone Soup version 0.23-a0-94-g44dc95e (webtiles) character file.

67 galech the Skirmisher (level 4, 24/36 HPs)
             Began as a Demonspawn Berserker on Aug 16, 2018.
             Was a Believer of Trog.
             Quit the game on level 3 of the Dungeon.
             The game lasted 00:02:44 (1772 turns).

galech the Skirmisher (Demonspawn Berserker)        Turns: 1772, Time: 00:02:44

Health: 24/36      AC: 11    Str: 17    XL:     4   Next: 0%
Magic:  4/4        EV:  7    Int:  8    God:    Trog [**....]
Gold:   79         SH:  0    Dex: 14    Spells: 3/3 levels left

rFire    + . .     SeeInvis .   a - +0 hand axe
rCold    . . .     Gourm    .   (no shield)
rNeg     + . .     Faith    .   s - +1 chain mail {rC+}
rPois    .         Spirit   .   (helmet restricted)
rElec    .         Reflect  .   p - +0 cloak (curse)
rCorr    .         Harm     .   (no gloves)
MR       .....                  r - +0 pair of boots
Stlth    ..........             (no amulet)
HPRegen  0.12/turn              m - ring of positive energy
MPRegen  0.09/turn              w - ring of fire (curse)

@: no status effects
A: horns 1, demonic guardian 1, rot immunity
a: Berserk, Trog's Hand, Renounce Religion


You were on level 3 of the Dungeon.
You worshipped Trog.
Trog was pleased with you.
You were not hungry.

You visited 1 branch of the dungeon, and saw 3 of its levels.

You collected 79 gold pieces.

Inventory:

Hand Weapons
 a - a +0 hand axe (weapon)
Armour
 p - a cursed +0 cloak (worn)
 r - a +0 pair of boots (worn)
 s - a +1 chain mail of cold resistance (worn)
Jewellery
 m - a ring of positive energy (left hand)
 w - a cursed ring of fire (right hand)
Scrolls
 b - 2 scrolls of blinking {unknown}
 g - 2 scrolls of noise {unknown}
 h - a scroll of enchant weapon {unknown}
 j - a scroll of amnesia {unknown}
 k - a scroll of fear {unknown}
 n - a scroll of magic mapping {unknown}
 u - a scroll of immolation {unknown}
 v - 2 scrolls of remove curse {unknown}
 x - a scroll of identify {unknown}
 y - a scroll of fog {unknown}
Potions
 d - 4 potions of lignification {unknown}
 e - a potion of mutation {unknown}
 f - 3 potions of heal wounds {unknown}
 i - a potion of haste {unknown}
 l - a potion of degeneration {unknown}
 o - a potion of curing {unknown}
 q - a potion of flight {unknown}
 t - a potion of resistance {unknown}
Comestibles
 c - 6 rations


   Skills:
 + Level 3.6 Fighting
 + Level 3.6 Axes
 + Level 2.0 Armour
 + Level 2.2 Dodging
 + Level 0.1 Stealth


You had 3 spell levels left.
You didn't know any spells.
Your spell library was empty.

Dungeon Overview and Level Annotations

Branches:
Dungeon (3/15)

Altars:
Fedhas
Wu Jian


Innate Abilities, Weirdness & Mutations

You have a pair of small horns on your head.
A weak demonic guardian rushes to your aid.
You are immune to rotting.


Message History

The orc completely misses you.
You hit the orc.
The orc is heavily wounded.
The orc hits you but does no damage.
You hit the orc but do no damage.
The orc is heavily wounded.
The orc closely misses you.
You hit the orc.
The orc is severely wounded.
The orc hits you but does no damage.
Your chain mail prevents you from hitting the orc.
The orc is heavily wounded.
The orc completely misses you.
You hit the orc.
You kill the orc!
Trog accepts your kill.
You have reached level 4!
You feel agile.
Your demonic ancestry asserts itself...
A pair of horns grows on your head!
Are you sure you want to abandon this character and quit the game? (Confirm with "yes".)

#.###......... ...
......#.....## ...
####..##### #.#
##.# #.# #.# ...
##(## #.# ##.(.##
###)# ##.....##
#.)@## ##..))...##
#....####>........#
#.......'.........+
#....####.........#
#.#.## ##.......##
#.### ##.....## #.
##...## ## ##+##


There were no monsters in sight!

Vanquished Creatures
  2 adders (D:2)
  A dart slug (D:1)
  A leopard gecko (D:2)
  3 orcs (D:3)
  2 bats
  3 giant cockroaches
  7 goblins
  5 hobgoblins
  5 jackals
  6 kobolds
  A frilled lizard (D:3)
  3 rats
39 creatures vanquished.

Notes
Turn   | Place    | Note
-------+----------+-------------------------------------------
     0 | D:1      | galech the Demonspawn Berserker began the quest for the Orb.
     0 | D:1      | Reached XP level 1. HP: 18/18 MP: 1/1
   123 | D:1      | Gained mutation: A weak demonic guardian rushes to your aid. [demonic ancestry]
   123 | D:1      | Reached XP level 2. HP: 14/24 MP: 2/2
   631 | D:2      | Reached ** piety under Trog
   771 | D:2      | Gained mutation: You are immune to rotting. [demonic ancestry]
   771 | D:2      | Reached XP level 3. HP: 20/29 MP: 3/3
  1620 | D:3      | Found a blossoming altar of Fedhas.
  1627 | D:3      | Found an ornate altar of the Wu Jian Council.
  1771 | D:3      | Gained mutation: You have a pair of small horns on your head. [demonic ancestry]
  1771 | D:3      | Reached XP level 4. HP: 24/36 MP: 4/4
  1772 | D:3      | Quit the game

Vault maps used:
D:1:      minmay_arrival_five_plusses, minivault_11, corexii_hall_statues_i
D:2:      first_ration, feat_on_display
D:3:      minitemple, grunt_ministairs_15

Skill      XL: |  1  2  3 |
---------------+----------+-----
Axes           | 3 |  3.6
Dodging        | 2 |  2.2
Armour         | 2 |  2.0
Fighting       | |  3.6
Stealth        | |  0.1

Action                   |  1- 3 |  4- 6 || total
-------------------------+-------+-------++-------
Melee: Hand axe          |   148 |       ||   148
Invok: Berserk           |     1 |       ||     1
 Stab: Sleeping          |     1 |       ||     1
  Eat: Chunk             |     4 |       ||     4
Armor: Animal skin       |    14 |       ||    14
       Chain mail        |    47 |       ||    47
Dodge: Dodged            |    76 |       ||    76

Table legend:
 A = Non-vault XP
 B = Vault XP
 C = Vault XP percentage of total XP
 D = Non-vault monster count
 E = Vault monster count
 F = Vault count percentage of total count
 G = Total turns spent on level
                 A         B        C        D         E       F
            +---------+---------+-------+---------+---------+-------
      Total |      97 |       0 |   0.0 |      39 |       0 |   0.0
            +---------+---------+-------+---------+---------+-------
        D:1 |      35 |       0 |   0.0 |      18 |       0 |   0.0
        D:2 |      43 |       0 |   0.0 |      11 |       0 |   0.0
        D:3 |      19 |       0 |   0.0 |      10 |       0 |   0.0
            +---------+---------+-------+---------+---------+-------
